AoeStats
← kaspko

Arabia

507604167Analyzed
1v1 RM · 14d ago on Sep 19, 2026· 44m 13s· 2 players
Game mode
Random Map
Map size
Tiny (2 player)
Population
200
Speed
Normal
Resources
Standard
Victory
Conquest
Starting age
Dark Age
Ending age
Imperial Age
RankedLock teamsTeams togetherTeam positionsShared explorationLock speedFull tech treeHidden civsTurbo modeCheats
Victory
Defeat
🇨🇱 Khmer · Chile
314
+17
🇪🇪 Cumans · Estonia
326
-17
Krailor
10:29 Feudal Age
19:20 Castle Age
18:43 Double-Bit Axe
18:43 Horse Collar
29:17 Husbandry
35:56 Bloodlines
kaspko
12:31 Feudal Age
15:45 Man-at-Arms
17:52 Double-Bit Axe
41:26 Castle Age
40:38 Scale Mail Armor
Connection lost

Rejoining the realm…

Still unreachable

The connection could not be restored.

Session expired

The server has moved on; the page needs a fresh start.